Map: Ascension to Aiur LE

Players

PandaBearMe

  • Race: Zerg Zerg
  • Spawn Location: 5:00

Hymy - Winner!

  • Race: Protoss Protoss
  • Spawn Location: 11:00

Event: WCS Montreal 2017

VOD

Have the link to the VOD?

Description

Time

  • Played on: Sept. 8, 2017, 11:43 a.m.
  • Length: 12:09

All games in this series

Show
View Real Time Build Order
Export as new Build Order

PandaBearMe Zerg 

Build Orders: Hatch First 

Get SALT Encoding   

  12  0:01  Drone  
  13  0:12  Overlord  
  13  0:21  Drone  
  14  0:30  Drone  
  14  0:31  Drone  
  16  0:49  Hatchery  
  15  0:52  Drone  
  15  0:56  Drone  
  17  0:59  Drone  
  17  1:02  Extractor  
  17  1:06  Drone  
  18  1:18  Spawning Pool  
  18  1:21  Drone  
  18  1:28  Drone  
  19  1:40  Drone  
  20  1:49  Overlord  
  20  2:04  Queen  
  20  2:05  Queen, Metabolic Boost  
  20  2:07  Zergling x2  
  25  2:10  Drone  
  25  2:14  Drone  
  27  2:16  Drone  
  28  2:23  Drone x2  
  30  2:40  Hatchery  
  29  2:45  Pneumatized Carapace  
  29  2:47  Zergling x2  
  30  2:51  Drone  
  31  3:01  Overlord  
  31  3:02  Drone x3  
  34  3:09  Zergling x4  
  36  3:19  Drone  
  41  3:20  Drone x4  
  41  3:21  Drone  
  41  3:26  Overlord  
  42  3:33  Queen  
  44  3:38  Lair  
  44  3:42  Evolution Chamber  
  44  3:44  Drone  
  44  3:46  Drone  
  44  3:47  Drone  
  46  3:52  Spore Crawler  
  46  3:55  Drone  
  47  3:58  Drone x4  
  51  4:03  Extractor  
  50  4:10  Zerg Melee Weapons Level 1, Drone  
  50  4:13  Queen x2  
  54  4:21  Drone  
  54  4:22  Baneling Nest  
  54  4:26  Zergling x2  
  54  4:27  Zergling x4  
  57  4:38  Spore Crawler, Overseer  
  57  4:42  Overlord, Drone  
  57  4:51  Overlord  
  57  4:53  Overlord  
  57  5:00  Overlord, Drone x3  
  57  5:01  Drone  
  57  5:03  Zergling x10  
  65  5:16  Overlord  
  65  5:17  Zergling x12  
  65  5:18  Zergling x2  
  65  5:19  Zergling x2  
  70  5:26  Drone  
  67  5:32  Drone x2  
  67  5:33  Hydralisk Den  
  67  5:34  Spore Crawler, Extractor  
  63  5:41  Queen x2  
  63  5:42  Drone x2  
  68  5:43  Drone  
  68  5:44  Drone  
  71  5:50  Drone  
  71  5:54  Drone  
  72  6:04  Drone  
  72  6:05  Drone x3  
  76  6:11  Zerg Melee Weapons Level 2, Muscular Augments  
  76  6:13  Drone x2  
  76  6:16  Drone  
  76  6:18  Centrifical Hooks  
  79  6:21  Overlord  
  79  6:23  Extractor, Drone  
  79  6:24  Drone  
  79  6:25  Drone x4  
  84  6:30  Extractor x2  
  84  6:31  Drone x2  
  84  6:32  Drone x2  
  87  6:41  Drone x2  
  89  6:50  Hatchery  
  87  6:55  Hydralisk  
  87  6:56  Hydralisk x4  
  97  7:06  Burrow  
  97  7:10  Overlord x2  
  97  7:17  Overlord  
  97  7:21  Overlord  
  97  7:24  Baneling x3  
  97  7:32  Overlord x2  
  97  7:33  Hydralisk x8  
  113  7:43  Drone x8, Zergling x2  
  122  7:55  Drone x2  
  122  7:56  Drone x3  
  127  8:00  Overlord x2  
  127  8:01  Extractor, Hydralisk  
  127  8:03  Hydralisk  
  130  8:08  Zergling x6  
  130  8:10  Zergling x2, Baneling x2  
  130  8:12  Zergling x4  
  136  8:14  Zergling x2  
  136  8:19  Zergling x6  
  140  8:23  Zergling x6  
  140  8:24  Zergling x2  
  144  8:27  Spire, Infestation Pit  
  144  8:28  Extractor  
  144  8:29  Spore Crawler, Drone x2  
  144  8:30  Extractor, Drone  
  144  8:31  Drone  
  144  8:32  Drone x2  
  145  8:38  Zergling x2  
  146  8:46  Hydralisk x3  
  146  8:47  Hydralisk x3  
  146  8:48  Zergling x2  
  159  8:52  Baneling  
  159  8:53  Baneling x10, Zerg Missile Weapons Level 1  
  159  8:54  Baneling x5  
  159  8:55  Baneling  
  159  9:03  Zergling x2  
  159  9:13  Overlord x2  
  159  9:20  Hive, Overlord  
  149  9:31  Zergling x24  
  149  9:32  Zergling x4  
  149  9:34  Overseer  
  163  9:38  Zergling x2  
  163  9:39  Zergling x12  
  163  9:40  Zergling x2  
  163  9:43  Zergling x2  
  163  9:44  Zergling x2  
  173  9:49  Overlord  
  173  9:54  Overlord  
  173  9:58  Overlord  
  172  10:05  Zergling x16  
  172  10:06  Zergling x2  
  176  10:07  Zergling x2  
  176  10:08  Overlord  
  177  10:14  Overlord  
  177  10:18  Zergling x16  
  177  10:19  Zergling x2  
  186  10:22  Baneling x13  
  186  10:24  Zergling x2  
  186  10:26  Hatchery  
  186  10:30  Zergling x8  
  168  10:39  Greater Spire  
  168  10:42  Zergling x20  
  174  10:47  Baneling x11  
  172  10:51  Zergling x2  
  172  10:52  Zergling x6  
  172  10:53  Zergling x2  
  175  10:58  Zergling x2  
  175  11:03  Zergling x10  
  178  11:08  Zergling x2  
  178  11:09  Zergling x8  
  160  11:14  Hydralisk  
  160  11:15  Hydralisk  
  160  11:17  Baneling x6  
  151  11:20  Baneling x5  
  151  11:21  Baneling x2  
  151  11:22  Baneling  
  151  11:24  Baneling x4  
  151  11:28  Zergling x4  
  151  11:32  Zergling x4  
  154  11:39  Zergling x2  
  120  11:40  Zergling x2  
  120  11:41  Zergling x16  
  120  11:43  Zergling x2  
  120  11:44  Zergling x2  
  120  11:46  Zergling x4  
  104  11:50  Zergling x4  
  104  11:52  Zergling x2  
Show
View Real Time Build Order
Export as new Build Order

Hymy Protoss - Winner!

Build Orders: 1 Gate Expand, Zealot Archon, Dark Templar Rush 

Get SALT Encoding   

  12  0:02  Probe (Chrono Boost)  
  13  0:12  Probe (Chrono Boost)  
  14  0:18  Pylon  
  14  0:23  Probe (Chrono Boost)  
  15  0:36  Probe (Chrono Boost)  
  15  0:39  Gateway  
  16  0:47  Probe (Chrono Boost)  
  16  0:49  Assimilator  
  17  0:58  Probe (Chrono Boost)  
  18  1:08  Probe (Chrono Boost)  
  19  1:19  Probe (Chrono Boost)  
  19  1:25  Nexus  
  20  1:36  Cybernetics Core  
  20  1:39  Probe (Chrono Boost)  
  21  1:43  Assimilator  
  21  1:49  Probe (Chrono Boost)  
  22  1:54  Pylon  
  22  2:00  Probe (Chrono Boost)  
  23  2:12  Probe (Chrono Boost)  
  23  2:14  Adept (Chrono Boost)  
  23  2:15  Warp Gate  
  26  2:24  Mothership Core (Chrono Boost)  
  28  2:37  Probe (Chrono Boost), Twilight Council  
  28  2:44  Probe (Chrono Boost)  
  30  2:49  Probe (Chrono Boost)  
  33  2:54  Probe (Chrono Boost)  
  34  2:59  Probe (Chrono Boost)  
  34  3:02  Robotics Facility  
  34  3:05  Probe (Chrono Boost)  
  34  3:10  Probe (Chrono Boost)  
  35  3:15  Probe (Chrono Boost)  
  36  3:20  Probe (Chrono Boost)  
  36  3:21  Gateway  
  36  3:26  Probe (Chrono Boost), Dark Shrine  
  38  3:31  Probe (Chrono Boost)  
  39  3:36  Probe (Chrono Boost)  
  39  3:39  Gateway  
  40  3:41  Probe (Chrono Boost)  
  40  3:42  Gateway  
  40  3:47  Probe (Chrono Boost)  
  42  3:51  Warp Prism (Chrono Boost), Probe (Chrono Boost)  
  45  4:03  Probe, Pylon  
  46  4:10  Assimilator  
  46  4:14  Assimilator  
  46  4:19  Probe  
  46  4:21  Probe  
  48  4:24  Pylon  
  48  4:31  Probe (Chrono Boost)  
  48  4:33  Probe (Chrono Boost)  
  50  4:42  Probe (Chrono Boost)  
  51  4:47  Dark Templar x4  
  51  4:50  Pylon  
  51  4:51  Archon x2  
  59  4:53  Probe (Chrono Boost)  
  59  4:59  Observer, Pylon  
  61  5:04  Probe (Chrono Boost)  
  62  5:11  Probe (Chrono Boost), Nexus  
  62  5:12  Pylon  
  62  5:34  Probe (Chrono Boost)  
  63  5:38  Immortal (Chrono Boost)  
  63  5:39  Probe  
  68  5:43  Pylon  
  68  5:45  Probe  
  68  5:46  Gateway  
  68  5:48  Gateway  
  69  5:50  Sentry x2  
  69  5:51  Probe, Sentry x2, Forge  
  69  5:55  Probe  
  79  6:03  Probe  
  80  6:06  Probe  
  81  6:15  Immortal (Chrono Boost)  
  81  6:16  Probe x2  
  87  6:22  Probe  
  87  6:24  Gateway  
  87  6:25  Gateway  
  88  6:26  Zealot x2  
  88  6:27  Probe  
  88  6:28  Probe  
  88  6:30  Protoss Ground Weapons Level 1 (Chrono Boost)  
  88  6:32  Probe  
  94  6:35  Charge  
  94  6:39  Assimilator  
  96  6:40  Probe x2, Sentry  
  96  6:43  Assimilator  
  96  6:44  Probe  
  96  6:45  Pylon  
  100  6:54  Immortal  
  104  7:04  Robotics Facility  
  104  7:05  Probe  
  104  7:06  Zealot x3  
  111  7:09  Templar Archives  
  111  7:12  Pylon  
  111  7:13  Probe  
  112  7:18  Probe  
  113  7:27  Probe  
  113  7:29  Probe  
  115  7:30  Immortal (Chrono Boost)  
  115  7:31  Probe  
  115  7:32  Photon Cannon  
  115  7:35  Photon Cannon  
  120  7:48  Pylon  
  120  7:51  Immortal (Chrono Boost), Gateway  
  124  7:58  Pylon  
  124  8:01  Pylon  
  124  8:08  Immortal (Chrono Boost)  
  128  8:13  High Templar x2  
  128  8:16  Psionic Storm  
  128  8:17  Pylon  
  128  8:19  Archon, Pylon  
  132  8:21  High Templar  
  132  8:22  High Templar  
  132  8:24  Stalker x2  
  132  8:25  Photon Cannon  
  132  8:26  Immortal (Chrono Boost)  
  144  8:28  Protoss Ground Weapons Level 2  
  144  8:31  Archon  
  144  8:34  High Templar  
  144  8:37  High Templar  
  148  8:48  Gateway  
  148  8:49  Gateway  
  148  8:52  Gateway  
  148  8:54  Gateway  
  148  8:55  Pylon  
  148  8:59  Pylon  
  148  9:01  High Templar  
  148  9:11  Immortal (Chrono Boost)  
  152  9:28  High Templar x2  
  156  9:39  Zealot x4  
  156  9:40  Zealot x3  
  170  9:46  Zealot x2  
  170  10:03  Nexus  
  170  10:04  High Templar  
  170  10:05  High Templar x3, Pylon  
  168  10:09  Pylon  
  168  10:10  Archon x2  
  168  10:18  Sentry x2  
  168  10:19  Pylon  
  168  10:21  Immortal (Chrono Boost)  
  176  10:23  Zealot, Pylon  
  178  10:51  Zealot x8  
  178  10:52  Zealot x3  
  166  11:15  Zealot x11  
  166  11:16  Zealot x2  
  172  11:24  Stargate  
  172  11:36  Zealot x2  
  172  11:37  Zealot x3  
  160  11:45  Zealot  
  160  11:46  Zealot x6  
  144  11:58  Archon  
  144  12:01  Zealot x3  
  144  12:02  Zealot x2  
Tags
 
Add a new tag
Caveats
  • Supply blocks, unpowered buildings, or Contaminate may cause inaccurate times.
  • Supply counts are checked every 10 seconds.